 Dungeon Crawl Stone Soup version 0.24-a0-189-g5d897e9104 (webtiles) character file.

Game seed: 16281965062860705263

988 PikkenKukken the Insei (level 8, 0/40 HPs)
             Began as a Vine Stalker Transmuter on Mar 16, 2019.
             Killed from afar by Pikel (6 damage)
             ... with a wand of flame (13)
             ... on level 5 of the Dungeon.
             The game lasted 00:11:17 (5941 turns).

PikkenKukken the Insei (Vine Stalker Transmuter)    Turns: 5941, Time: 00:11:17

Health: 0/40       AC:  3    Str: 13    XL:     8   Next: 18%
Magic:  0/15       EV: 13    Int: 15    God:
Gold:   265        SH:  0    Dex: 15    Spells: 9/15 levels left

rFire    . . .     SeeInvis +     - Unarmed
rCold    . . .     Gourm    .   (no shield)
rNeg     + + .     Faith    .   b - +0 robe
rPois    .         Spirit   +   (no helmet)
rElec    .         Reflect  .   y - +0 cloak
rCorr    .         Harm     .   (no gloves)
MR       ++...                  (no boots)
Stlth    +.........             i - amulet of magic regeneration
HPRegen  0.53/turn              z - ring of protection from magic
MPRegen  0.39/turn              u - ring of Spite {rN++ SInv}

@: no status effects
A: fangs 3, regeneration 1, magic shield, antimagic bite, no potion heal 3, rot
immunity
a: no special abilities


You were on level 5 of the Dungeon.
You were hungry.

You visited 2 branches of the dungeon, and saw 7 of its levels.

You collected 265 gold pieces.

Inventory:

Missiles
 a - 72 arrows
Armour
 b - a +0 robe (worn)
 h - a +0 buckler
 y - a +0 cloak (worn)
Jewellery
 i - an amulet of magic regeneration (around neck)
 n - an uncursed ring of resist corrosion
 u - the ring of Spite (right hand) {rN++ SInv}
   (You found it on level 4 of the Dungeon)

   [ring of see invisible]

   It greatly protects you from negative energy.
   It lets you see invisible.
 z - a ring of protection from magic (left hand)
Wands
 x - a wand of flame (24)
Scrolls
 g - 3 scrolls of blinking
 j - a scroll of summoning {unknown}
 o - 6 scrolls of remove curse
 q - 2 scrolls of identify
 s - 2 scrolls of teleportation
 v - 2 scrolls of enchant armour {unknown}
 w - 2 scrolls of enchant weapon
Potions
 c - a potion of berserk rage
 e - a potion of heal wounds {unknown}
 f - 3 potions of haste
 k - 2 potions of brilliance {unknown}
 l - a potion of curing {unknown}
 m - a potion of agility {unknown}
 p - a potion of resistance {unknown}
 r - a potion of degeneration {unknown}
 t - 2 potions of flight {unknown}
Comestibles
 d - 10 rations
 A - 9 chunks of flesh


   Skills:
 + Level 3.3 Fighting
 + Level 2.8 Armour
 + Level 3.3 Dodging
 + Level 4.6 Unarmed Combat
 + Level 4.2 Spellcasting
 + Level 4.1 Transmutations
 - Level 1.1 Poison Magic


You had 9 spell levels left.
You knew the following spells:

 Your Spells              Type           Power        Failure   Level  Hunger
a - Beastly Appendage     Tmut           ###...       3%          1    None
b - Sticks to Snakes      Tmut           ###.....     4%          2    ##.....
c - Spider Form           Tmut/Pois      ##........   19%         3    ###....

Your spell library contained the following spells:

 Spells                   Type           Power        Failure   Level  Hunger
 Ice Form                 Ice/Tmut       #.......     58%         4    ####...
 Blade Hands              Tmut           ###.......   65%         5    ######.


Dungeon Overview and Level Annotations

Branches:
Dungeon (6/15)             Temple (1/1) D:4

Altars:
Ashenzari
Cheibriados
Dithmenos
Elyvilon
Gozag
Hepliaklqana
Nemelex Xobeh
Okawaru
Qazlal
Ru
Sif Muna
Trog
Uskayaw
Wu Jian
Xom
Yredelemnul
Zin

Annotations:
D:5 Pikel


Innate Abilities, Weirdness & Mutations

You have razor-sharp teeth.
Your natural rate of healing is unusually fast.
When hurt, damage is shared between your health and your magic reserves.
Your bite disrupts and absorbs the magic of your enemies.
Potions cannot restore your health.
You are immune to rotting.


Message History

Pikel zaps a wand.
The puff of flame hits you.
* * * LOW HITPOINT WARNING * * *
Pikel says, "You'll feel the lick of my whip!"
Your transformation has ended.
Your +0 cloak unmelds from your body.
Your +0 robe unmelds from your body.
There is a stone staircase leading up here.
Pikel barely misses you.
You climb upwards.
There is a stone staircase leading down here.
Pikel zaps a wand.
The puff of flame misses you.
Evoke which item? (* to show all) (? for menu, Esc to quit)
Aiming: Throw Flame
Press: ? - help, Shift-Dir - straight line, f - Pikel
Aim: Pikel, wielding a +2 whip of electrocution, wearing a +0 robe and carrying a wand of flame (14) (almost dead, poisoned)
The puff of flame hits Pikel.
Pikel is almost dead.
Pikel zaps a wand.
The puff of flame hits you!
* * * LOW HITPOINT WARNING * * *
Pikel zaps a wand.
The puff of flame hits you!
You die...

####....####.......#..##.
##.....### ##..........##.
##......#####.#............
#........#.................
#....................#.##..
#...................##.....
###.##...............###.....
#....#...............# #..>..
###..>......@<.....(.###.....
####............<.......##.....
#.##....##....................#
##..#....####K..##.#####.......#
##.........###.....### ##......#
#...........##.>.....######.....#
#.....##.........#....##........#
#######..........####............
#......#...# #.##.........


You could see Pikel.

Vanquished Creatures
  Grinder (D:4)
  An ice beast (D:5)
  A phantom (D:5)
  A slave (D:6)
  A centaur (D:5)
  A bullfrog zombie (D:5)
  4 hounds
  4 orc wizards
  An orc priest (D:5)
  2 bullfrog skeletons
  A gnoll (D:6)
  14 adders
  An ooze (D:4)
  An adder zombie (D:5)
  A worm (D:2)
  A dart slug (D:2)
  4 leopard geckos
  6 orcs (D:5)
  5 giant cockroaches
  4 goblins
  6 hobgoblins
  10 jackals
  A quokka (D:2)
  A ball python (D:2)
  6 bats
  8 frilled lizards
  8 kobolds
  A quokka zombie (D:5)
  13 rats
109 creatures vanquished.

Vanquished Creatures (collateral kills)
  An orc (D:5)
1 creature vanquished.

Vanquished Creatures (others)
  An orc (D:4)
1 creature vanquished.

Grand Total: 111 creatures vanquished

Notes
Turn   | Place    | Note
-------+----------+-------------------------------------------
     0 | D:1      | PikkenKukken the Vine Stalker Transmuter began the quest
                  | for the Orb.
     0 | D:1      | Reached XP level 1. HP: 9/9 MP: 4/4
   338 | D:1      | Reached skill level 1 in Fighting
   456 | D:1      | Reached XP level 2. HP: 11/14 MP: 6/6
  1284 | D:2      | Learned a level 2 spell: Sticks to Snakes
  1717 | D:2      | Reached XP level 3. HP: 18/18 MP: 3/7
  1998 | D:2      | Reached skill level 1 in Armour
  2021 | D:2      | Learned a level 3 spell: Spider Form
  2156 | D:2      | Gained mutation: Your natural rate of healing is unusually
                  | fast. [Vine Stalker growth]
  2156 | D:2      | Reached XP level 4. HP: 16/22 MP: 8/8
  2815 | D:3      | Found a bloodstained altar of Trog.
  3184 | D:3      | Found a basalt altar of Yredelemnul.
  3403 | D:4      | Reached XP level 5. HP: 12/26 MP: 8/10
  3490 | D:4      | Got a slimy lead ring
  3491 | D:4      | Identified the ring of Spite {rN++ SInv} (You found it on
                  | level 4 of the Dungeon)
  3696 | D:4      | Reached skill level 1 in Poison Magic
  3828 | D:4      | Found a staircase to the Ecumenical Temple.
  4004 | Temple   | Entered the Ecumenical Temple
  4268 | D:4      | Noticed Grinder
  4332 | D:4      | Killed Grinder
  4332 | D:4      | Reached XP level 6. HP: 26/32 MP: 2/11
  4443 | D:4      | Found a sacrificial altar of Ru.
  4443 | D:4      | Found a glowing silver altar of Zin.
  4444 | D:4      | Found a shadowy altar of Dithmenos.
  4724 | D:5      | Entered Level 5 of the Dungeon
  4811 | D:5      | Noticed an ice beast
  4829 | D:5      | Killed an ice beast
  4829 | D:5      | Reached XP level 7. HP: 24/35 MP: 9/13
  5015 | D:5      | Found an opulent altar of Gozag.
  5503 | D:5      | Gained mutation: You have razor-sharp teeth. [Vine Stalker
                  | growth]
  5503 | D:5      | Reached XP level 8. HP: 40/40 MP: 12/15
  5587 | D:5      | Found a white marble altar of Elyvilon.
  5685 | D:5      | Found a snail-covered altar of Cheibriados.
  5911 | D:6      | Noticed Pikel
  5941 | D:5      | Killed from afar by Pikel

Levels and vault maps discovered:
D:1:      dpeg_arrival_circle_labyrinth_c, layout_loops_ring
D:2:      minmay_thinvault, layout_rooms, first_ration, serial_forest,
          infiniplex_forest_end_3, infiniplex_forest_corner_2,
          infiniplex_forest_clump_medium, infiniplex_forest_end_2,
          infiniplex_forest_end_double, infiniplex_forest_clump_double,
          infiniplex_forest_end_3, infiniplex_forest_join,
          infiniplex_forest_lined_1, grunt_ministairs_4
D:3:      layout_basic, nicolae_overflow_hidden_temple, lemuel_crystal_altar,
          columned_hall_lemuel, hangedman_abyss_or_decor_stabs
D:4:      layout_loops_ring, gammafunk_temple_overflow_claw,
          minmay_temple_entry_statues, serial_rivers,
          chequers_serial_rivers_large_a, chequers_serial_rivers_small_a,
          chequers_serial_rivers_micro_b, chequers_serial_rivers_small_3,
          chequers_serial_rivers_micro_d, uniq_grinder
D:5:      layout_cave_pools, nicolae_overflow_crystal_walls,
          grunt_gozag_breadcrumbs, lemuel_round_altar, minivault_1
D:6:      kennysheep_housing_project, layout_basic,
          minmay_fractal_squares_gapless_5, uniq_pikel
Temple:   compressed_dpeg_triangle_lava_temple

Skill      XL: |  1  2  3  4  5  6  7 |
---------------+----------------------+-----
Fighting       | 1 2 3 |  3.3
Dodging        | 2 3 |  3.3
Armour         | 1 2 |  2.8
Spellcasting   | 3 4 |  4.2
Poison Magic   | 1 |  1.1
Transmutations | 3 4 |  4.1
Unarmed Combat | 4 |  4.6

Action                   |  1- 3 |  4- 6 |  7- 9 || total
-------------------------+-------+-------+-------++-------
Melee: Unarmed           |   126 |   161 |   126 ||   413
       Bite              |    22 |    23 |     9 ||    54
       Headbutt          |     3 |     9 |     1 ||    13
       Kick              |     5 |     5 |     5 ||    15
       Punch             |     2 |     1 |     1 ||     4
 Cast: Beastly Appendage |    22 |    13 |     8 ||    43
       Sticks to Snakes  |     3 |    13 |     1 ||    17
       Spider Form       |       |     3 |     9 ||    12
Evoke: Wand              |       |       |     1 ||     1
  Use: Scroll            |     5 |     2 |       ||     7
 Stab: Sleeping          |     3 |     1 |       ||     4
  Eat: Chunk             |     4 |     7 |     4 ||    15
       Ration            |       |     1 |       ||     1
Armor: Robe              |    28 |    14 |     6 ||    48
       Skin              |       |     1 |     3 ||     4
Dodge: Dodged            |    65 |   129 |   105 ||   299

Table legend:
 A = Non-vault XP
 B = Vault XP
 C = Vault XP percentage of total XP
 D = Non-vault monster count
 E = Vault monster count
 F = Vault count percentage of total count
                 A         B        C        D         E       F
            +---------+---------+-------+---------+---------+-------
      Total |    1162 |     250 |  17.7 |      96 |      13 |  11.9
            +---------+---------+-------+---------+---------+-------
        D:1 |      24 |       0 |   0.0 |      16 |       0 |   0.0
        D:2 |      43 |      33 |  43.4 |      21 |      11 |  34.4
        D:3 |      54 |       0 |   0.0 |      18 |       0 |   0.0
        D:4 |     251 |     203 |  44.7 |      12 |       1 |   7.7
        D:5 |     749 |       0 |   0.0 |      28 |       0 |   0.0
        D:6 |      41 |      14 |  25.5 |       1 |       1 |  50.0
            +---------+---------+-------+---------+---------+-------
